Map: Frozen Temple

Players

capac - Winner!

  • Race: Terran Terran
  • League: Gold

Fubar

  • Race: Terran Terran
  • League: Gold

VOD

Have the link to the VOD?

Description

Time

  • Played on: April 30, 2016, 5:48 a.m.
  • Length: 10:02
Show
View Real Time Build Order
Export as new Build Order

capac Terran - Winner!

Build Orders:  

Get SALT Encoding   

  12  0:00  SCV  
  13  0:13  SCV  
  14  0:18  Supply Depot  
  14  0:25  SCV  
  15  0:40  SCV  
  15  0:41  Barracks  
  16  0:52  SCV  
  16  0:55  Refinery  
  17  1:06  SCV  
  18  1:19  SCV  
  19  1:29  Marine  
  20  1:33  Orbital Command  
  20  1:46  Command Center  
  20  1:48  Barracks Reactor  
  20  2:02  SCV  
  20  2:07  Refinery  
  20  2:18  Barracks  
  20  2:22  SCV  
  21  2:25  Marine x2  
  23  2:31  Factory  
  23  2:41  Supply Depot  
  23  2:58  SCV  
  24  3:04  Supply Depot  
  24  3:07  Barracks Tech Lab  
  24  3:09  Orbital Command  
  24  3:15  Starport  
  24  3:17  Factory Tech Lab  
  24  3:21  SCV  
  25  3:33  Marine, SCV  
  27  3:34  Marine  
  28  3:44  Marine, SCV  
  30  3:50  Siege Tank  
  30  3:52  Medivac  
  36  3:55  SCV  
  36  3:56  SCV  
  37  4:11  Barracks  
  37  4:12  SCV x2  
  39  4:23  Medivac  
  39  4:24  Siege Tank  
  44  4:31  Marine x3  
  45  4:37  Stimpack  
  47  4:38  SCV x2  
  49  4:50  SCV  
  49  4:51  Marine x3  
  54  4:53  SCV  
  54  4:57  Starport Reactor  
  54  5:03  Barracks Reactor  
  54  5:07  Supply Depot  
  54  5:09  SCV x2  
  54  5:11  Marine  
  54  5:12  Marine x2  
  59  5:24  Refinery  
  59  5:31  Marine  
  59  5:34  Medivac  
  64  5:39  Medivac  
  64  5:40  Marine x2  
  64  5:41  Marine x2  
  68  5:43  SCV x2  
  70  5:51  Supply Depot  
  70  5:57  SCV x2  
  70  5:59  Marine  
  70  6:00  Marine x4  
  77  6:09  SCV  
  78  6:12  Viking x2, SCV  
  78  6:16  Command Center  
  83  6:32  Siege Tank  
  86  6:46  Bunker  
  86  6:48  Bunker  
  86  6:58  Marine  
  86  6:59  Marine  
  86  7:01  Marine  
  86  7:04  Siege Tank, Liberator  
  86  7:05  Liberator  
  69  7:20  Marine x5  
  66  8:17  Marine x3  
  66  8:18  Marine x2  
  66  8:43  Medivac x2  
  62  9:48  SCV  
  62  9:52  Command Center  
Show
View Real Time Build Order
Export as new Build Order

Fubar Terran 

Build Orders:  

Get SALT Encoding   

  12  0:01  SCV  
  13  0:13  SCV  
  14  0:18  Supply Depot  
  14  0:25  SCV  
  15  0:40  SCV  
  15  0:41  Barracks  
  16  0:52  SCV  
  17  1:04  SCV  
  18  1:18  Command Center  
  18  1:22  SCV  
  19  1:30  Marine  
  20  1:35  Orbital Command  
  20  1:43  Supply Depot  
  20  1:48  Marine  
  21  2:05  Barracks  
  21  2:06  Marine  
  22  2:12  Barracks  
  22  2:13  SCV  
  23  2:24  Marine  
  23  2:25  SCV  
  25  2:32  Bunker  
  25  2:40  Orbital Command  
  25  2:42  Marine  
  26  2:44  SCV  
  26  2:51  Refinery  
  27  2:55  Refinery  
  27  2:57  SCV  
  27  2:58  Marine  
  29  2:59  Marine x2  
  31  3:08  Supply Depot, SCV  
  32  3:15  Supply Depot  
  32  3:16  SCV  
  32  3:18  Marine x2  
  35  3:20  Marine  
  36  3:31  Supply Depot  
  36  3:33  Engineering Bay, SCV x2  
  38  3:40  Supply Depot  
  38  3:42  Barracks Tech Lab, Marine  
  38  3:45  Marine  
  38  3:47  SCV  
  42  3:48  SCV  
  42  4:00  SCV x2, Missile Turret  
  44  4:08  Stimpack  
  44  4:09  Factory  
  44  4:12  Marauder  
  44  4:14  Marine  
  44  4:15  Marine  
  44  4:17  SCV  
  49  4:23  Supply Depot  
  49  4:31  SCV x2  
  49  4:33  Marauder  
  53  4:39  Engineering Bay  
  53  4:41  Supply Depot  
  53  4:45  Barracks Reactor  
  53  4:46  Barracks Reactor  
  53  4:52  SCV x2  
  55  4:54  Marauder  
  55  4:57  Starport  
  57  5:00  Refinery  
  57  5:03  Refinery  
  57  5:05  Supply Depot  
  57  5:06  SCV x2  
  59  5:10  Supply Depot  
  59  5:16  Marauder  
  59  5:18  SCV  
  59  5:19  Armory  
  62  5:22  SCV  
  62  5:28  Missile Turret  
  63  5:30  SCV  
  63  5:33  Missile Turret  
  63  5:35  SCV  
  65  5:39  Supply Depot  
  65  5:42  Marine x2  
  65  5:43  Marine x3  
  65  5:47  Starport Reactor  
  70  5:52  Missile Turret  
  70  5:54  Supply Depot  
  70  6:03  Marine x4  
  74  6:04  Marauder  
  74  6:10  Factory Tech Lab  
  76  6:14  Barracks  
  76  6:17  SCV x2  
  78  6:29  SCV  
  79  6:44  Missile Turret  
  79  6:45  Marine x2  
  79  6:46  Marine x2  
  83  6:47  Marauder  
  83  6:49  Viking x2  
  68  7:19  Viking x2, Marine  
  68  7:20  Marine x4  
  34  7:37  Marine x2  
  34  7:38  Marine x2  
  34  7:41  Marine  
  24  7:55  Marine  
  24  7:56  Marine x2  
  24  7:59  Marine  
  16  8:13  Marine  
  16  8:16  Marine  
  16  8:26  Marine  
  15  8:31  SCV x2  
  15  8:43  Marine  
  15  8:44  Hellion  
  16  9:01  Marine  
  14  9:06  Hellion  
  10  9:15  SCV x2  
  10  9:19  Marine  
  9  9:27  Hellion, SCV x2  
  9  9:39  SCV  
Tags
 
League
GoldGold
Matchup
TvT
Race
Terran
Add a new tag
Caveats
  • Supply blocks, unpowered buildings, or Contaminate may cause inaccurate times.
  • Supply counts are checked every 10 seconds.